 Dungeon Crawl Stone Soup version 0.31-a0-354-g827e0957a7 (webtiles) character file.

Game seed: 6778182124216255905

599 randomguy2701 the Chopper (level 7, -8/61 HPs)
             Began as a Hill Orc Fighter on July 24, 2023.
             Was a Follower of Beogh.
             Killed by divine providence
             ... invoked by an orc priest
              (10 damage)
             ... on level 5 of the Dungeon.
             The game lasted 00:08:17 (4220 turns).

randomguy2701 the Chopper (Hill Orc Fighter)        Turns: 4220, Time: 00:08:18

Health: -8/61      AC:  9    Str: 21    XL:     7   Next: 41%
Magic:  7/7        EV: 12    Int:  8    God:    Beogh [*.....]
Gold:   83         SH:  8    Dex: 10    Spells: 6/6 levels left

rFire   . . .        a - +0 war axe
rCold   . . .        q - +0 kite shield of Vuluppag {rPois}
rNeg    . . .        m - +0 chain mail
rPois   +            (no helmet)
rElec   .            (no cloak)
rCorr   .            (no gloves)
SInv    .            (no boots)
Will    .....        (no amulet) Stlth
                     v - +5 ring of evasion
HPRegen 0.30/turn    (no ring)
MPRegen 0.10/turn

%: no passive effects
@: no status effects
A: no striking features
a: Renounce Religion


You were on level 5 of the Dungeon.
You worshipped Beogh.
Beogh was aware of your devotion.
You visited 1 branch of the dungeon, and saw 5 of its levels.

You collected 240 gold pieces.
You spent 157 gold pieces at shops.

Inventory:

Hand Weapons
 a - a +0 war axe (weapon)
Armour
 b - a +0 scale mail
 c - a +0 buckler
 m - a +0 chain mail (worn)
 q - the +0 kite shield of Vuluppag (worn) {rPois}
   (You bought it in a shop on level 3 of the Dungeon)

   rPois:     It protects you from poison.
Jewellery
 k - a ring of ice
 v - a +5 ring of evasion (left hand)
 x - a +6 ring of intelligence
Wands
 s - a wand of polymorph (13)
 u - a wand of digging (10)
Scrolls
 e - 2 scrolls of blinking {unknown}
 h - 2 scrolls of teleportation {unknown}
 i - a scroll of vulnerability {unknown}
 j - 7 scrolls of identify {unknown}
 n - a scroll of immolation {unknown}
 o - a scroll of amnesia {unknown}
 t - a scroll of fog {unknown}
Potions
 d - 5 potions of might
 f - a potion of resistance {unknown}
 g - a potion of attraction {unknown}
 l - a potion of brilliance {unknown}
 p - 3 potions of lignification {unknown}
 r - a potion of haste {unknown}
 w - a potion of ambrosia {unknown}
 z - 2 potions of cancellation {unknown}


   Skills:
 + Level 5.0 Fighting
 + Level 7.1 Axes
 + Level 5.3 Armour
 + Level 1.1 Dodging
 + Level 4.5 Shields


You had 6 spell levels left.
You didn't know any spells.
Your spell library contained the following spells:

 Spells                   Type           Power      Damage    Failure   Level
 Cigotuvi's Dreadful Rot  Necr/Pois/Air  0%         N/A       100%        2
 Scorch                   Fire           0%         2d5       100%        2
 Sublimation of Blood     Necr           0%         N/A       100%        2
 Ignite Poison            Fire/Tmut/Pois 0%         N/A       100%        3
 Flame Wave               Conj/Fire      0%         2d4       100%        4
 Petrify                  Tmut/Erth      0%         N/A       100%        4
 Freezing Cloud           Conj/Ice/Air   0%         6-21      100%        5
 Irradiate                Conj/Tmut      0%         3d11      100%        5
 Summon Cactus Giant      Summ           0%         N/A       100%        6


Dungeon Overview and Level Annotations

Branches:
Dungeon (5/15)
 Temple: D:4-7

Altars:
Zin

Shops:
D:3 *


Message History

You barely miss the orc priest. You barely miss the orc.
The orc hits you but does no damage.
The orc priest looks satisfied for a moment.
You hit the orc priest.
The orc priest is moderately wounded.
You hit the orc but do no damage. You closely miss the orc priest.
The orc priest hits you but does no damage. x2
You block the orc's attack.
The orc priest mumbles some strange prayers to Beogh against you.
You struggle to resist.
You block the orc's attack.
The orc priest hits you with a +0 dagger.
You closely miss the orc priest. x2; You slash the orc!
You kill the orc!
Beogh accepts your kill. You block the orc priest's attack.
The orc priest hits you with a +0 dagger.
You closely miss the orc priest. You hit the orc priest.
You block the orc priest's attack.
The orc priest casts a cantrip, but nothing happens.
You hit the orc priest.
The orc priest is lightly wounded.
You hit the orc priest but do no damage.
The orc priest invokes the aid of Beogh against you.
Beogh smites you!
* * * LOW HITPOINT WARNING * * *
The orc priest looks braver for a moment.
v - a +5 ring of evasion (left hand)
You block the orc priest's attack.
The orc priest hits you with a +0 dagger.
* * * LOW HITPOINT WARNING * * *
The orc priest attacks as you move away!
You block the orc priest's attack.
The orc priest mumbles some strange prayers to Beogh against you.
Beogh smites you!
* * * LOW HITPOINT WARNING * * *
The orc priest casts a cantrip, but nothing happens.
The orc priest invokes the aid of Beogh against you.
Beogh smites you!
You die...
Beogh appreciates the orc priest's killing of a heretic priest.

##..##..## #.#
#...##..## #.#
##...##...###.. .
#....##....##..
#.##
##...####.......
#..#
###....####..####.
#..##..#....##..##
##
#.....####...#..#
# #...#.@#
##....## # #..
##.## ##...# # ...
#..# ##..# # ..
##o## #.... # .
#o.## ...... #
##.)# ...###.....
#).# ..## .....
#.....# ..##
#...?.. ## #


You could see 2 orc priests.

Vanquished Creatures
  A black bear (D:5)
  A phantom (D:4)
  The ghost of SirDiesAlot the Magician, an amateur OpSh (D:3)
  A scorpion (D:4)
  2 hounds (D:5)
  An orc wizard (D:3)
  9 adders
  3 worms
  4 dart slugs
  3 orcs
  3 bats
  8 endoplasms
  3 giant cockroaches
  6 goblins
  8 hobgoblins
  10 jackals (D:2)
  7 quokkas
  18 ball pythons
  6 frilled lizards
  12 kobolds
  9 rats
116 creatures vanquished.

Vanquished Creatures (others)
  An orc (D:3)
1 creature vanquished.

Grand Total: 117 creatures vanquished

Notes
Turn   | Place    | Note
-------+----------+-------------------------------------------
     0 | D:1      | randomguy2701 the Hill Orc Fighter began the quest for the
                  | Orb.
     0 | D:1      | Reached XP level 1. HP: 19/19 MP: 1/1
   318 | D:1      | Reached XP level 2. HP: 27/27 MP: 2/2
   335 | D:1      | Reached skill level 3 in Axes
   874 | D:1      | Reached XP level 3. HP: 33/33 MP: 3/3
  1333 | D:2      | Reached skill level 4 in Axes
  1333 | D:2      | Reached XP level 4. HP: 30/40 MP: 4/4
  2258 | D:2      | Reached XP level 5. HP: 36/46 MP: 5/5
  2456 | D:3      | Found Orefriek's General Store.
  2457 | D:3      | Became a worshipper of Beogh the Brigand
  2477 | D:3      | Bought the +0 kite shield of Vuluppag {rPois} for 157 gold
                  | pieces
  2576 | D:3      | Reached skill level 5 in Axes
  2718 | D:3      | Reached * piety under Beogh
  2920 | D:3      | Found a runed translucent gate.
  2921 | D:3      | Found a runed translucent gate.
  2921 | D:3      | Found a runed translucent gate.
  2929 | D:3      | Noticed SirDiesAlot's ghost (amateur OpSh)
  3206 | D:3      | Killed SirDiesAlot's ghost
  3207 | D:3      | Reached XP level 6. HP: 40/53 MP: 6/6
  3385 | D:4      | Reached skill level 6 in Axes
  3442 | D:4      | Reached skill level 1 in Dodging
  3781 | D:4      | Found a glowing silver altar of Zin.
  3799 | D:4      | Reached skill level 5 in Armour
  3799 | D:4      | Reached XP level 7. HP: 60/60 MP: 7/7
  3976 | D:5      | Entered Level 5 of the Dungeon
  4210 | D:5      | Reached skill level 5 in Fighting
  4210 | D:5      | Reached skill level 7 in Axes
  4217 | D:5      | HP: 1/61 [orc priest/divine providence (11)]
  4220 | D:5      | Killed from afar by an orc priest

Illustrated notes

Levels and vault maps discovered:
D:1:      evilmike_arrival_rings, layout_loops_corners, nrook_mini_backslash
D:2:      minmay_razor_zed, layout_basic, kennysheep_nondescript,
          minmay_misc_feat_alley
D:3:      layout_basic, serial_shops, shop_statue, ebering_ghost_rock_garden,
          minmay_snake_closets
D:4:      layout_loops_ring, kennysheep_mini_moat, serial_aquarium,
          aquarium_bridge_island_small [aquarium_subvault_small_water,
          aquarium_subvault_bridge, aquarium_subvault_balcony,
          aquarium_subvault_window, aquarium_subvault_wall],
          aquarium_window_corridor_1, aquarium_window_1, aquarium_window_corner,
          aquarium_view_2f, aquarium_pool_2
D:5:      layout_layer_cave, elyvilon_altar_5, uniq_edmund

Skill      XL: |  1  2  3  4  5  6  7 |
---------------+----------------------+-----
Axes           | 3 4 5 6 7 |  7.1
Fighting       | 4 5 |  5.0
Armour         | 4 5 |  5.3
Shields        | 4 |  4.5
Dodging        | 1 |  1.1

Action                     |  1- 3 |  4- 6 |  7- 9 || total
---------------------------+-------+-------+-------++-------
  Melee: War axe           |    95 |   205 |    22 ||   322
 Invoke: Convert to Beogh  |       |     1 |       ||     1
 Armour: Scale mail        |    38 |     9 |       ||    47
         Chain mail        |       |    89 |    18 ||   107
  Dodge: Dodged            |    62 |    80 |     9 ||   151
  Block: Buckler           |    25 |    27 |       ||    52
         Kite shield       |       |    41 |    20 ||    61

Table legend: (Time is in decaauts)
 A = Elapsed time spent in this place.
 B = Non-inter-level travel time spent in this place.
 C = Inter-level travel time spent in this place.
 D = Time resting spent in this place.
 E = Time spent auto-exploring this place.
 F = Levels seen in this place.
 G = Mean time per level.
                   A        B        C        D        E       F      G
               +--------+--------+--------+--------+--------+-----+--------+
         Total |   4327 |   4142 |    185 |      0 |   3372 |   5 |  865.4 |
       Dungeon |   4327 |   4142 |    185 |      0 |   3372 |   5 |  865.4 |
               +--------+--------+--------+--------+--------+-----+--------+

Top non-repeatable levels by time:
     D:2: 1254 daAuts
     D:1: 1201 daAuts
     D:3: 943 daAuts
     D:4: 678 daAuts
     D:5: 249 daAuts
